 Dungeon Crawl Stone Soup version 0.30-b1-2-g02819fbbbe (webtiles) character file.

Game seed: 3360530975656890221

74 snakesoul the Digger (level 4, -10/24 HPs)
             Began as a Gargoyle Earth Elementalist on May 30, 2023.
             Killed from afar by Ijyb (12 damage)
             ... with a puff of flame
             ... on level 3 of the Dungeon.
             The game lasted 00:02:51 (1783 turns).

snakesoul the Digger (Gargoyle Earth Elementalist)  Turns: 1783, Time: 00:02:51

Health: -10/24     AC:  6    Str: 12    XL:     4   Next: 30%
Magic:  4/7        EV: 11    Int: 17    God:
Gold:   106        SH:  0    Dex: 10    Spells: 1/7 levels left

rFire   . . .        c - +0 club
rCold   . . .        (no shield)
rNeg    + . .        a - +0 robe
rPois   ∞            (no helmet)
rElec   +            (no cloak)
rCorr   .            m - +0 pair of gloves
SInv    .            (no boots)
Will    .....        (no amulet)
Stlth   ++           (no ring)
HPRegen 0.24/turn    (no ring)
MPRegen 0.10/turn

%: no passive effects
@: no status effects
A: sickness immunity, AC +3, negative energy resistance 1, electricity
resistance, torment resistance 1, petrification resistance
a: no special abilities


You were on level 3 of the Dungeon.
You visited 1 branch of the dungeon, and saw 3 of its levels.

You collected 106 gold pieces.

Inventory:

Hand Weapons
 c - a +0 club (weapon)
Missiles
 p - 4 stones
Armour
 a - a +0 robe (worn)
 m - a +0 pair of gloves (worn)
Jewellery
 e - a ring of fire
 j - an amulet of magic regeneration
Scrolls
 d - 3 scrolls of identify {unknown}
 i - a scroll of poison {unknown}
 k - a scroll of teleportation {unknown}
 l - a scroll of enchant armour {unknown}
Potions
 f - a potion of flight {unknown}
 g - 2 potions of lignification {unknown}
 h - 2 potions of curing
 n - a potion of heal wounds {unknown}
 o - a potion of might {unknown}


   Skills:
 - Level 1.5 Dodging
 - Level 2.1 Stealth
 - Level 2.4 Spellcasting
 + Level 1.6 Conjurations
 + Level 2.1 Transmutations
 - Level 4.1 Earth Magic


You had one spell level left.
You knew the following spells:

 Your Spells              Type           Power      Damage    Failure   Level
a - Sandblast             Erth           32%        2d9       3%          1
b - Passwall              Tmut/Erth      10%        N/A       8%          2
c - Stone Arrow           Conj/Erth      24%        3d8       17%         3

Your spell library contained the following spells:

 Spells                   Type           Power      Damage    Failure   Level
 Petrify                  Tmut/Erth      12%        N/A       45%         4


Dungeon Overview and Level Annotations

Branches:
Dungeon (3/15)

Altars:

Annotations:
D:3 Ijyb


Innate Abilities, Weirdness & Mutations

You are immune to sickness and miasma.
Your stone body is resilient. (AC +3)
You are immune to poison.
You resist negative energy. (rN+)
You are resistant to electric shocks. (rElec)
You are resistant to unholy torment.
You are immune to petrification.


Message History

* * * LOW HITPOINT WARNING * * *
Unknown command.
Casting: Sandblast (safe; 3% risk of failure)
Confirm with . or Enter, or press ? or * to list all spells.
Okay, then.
Unknown command.
Magic courses through your body. Ijyb barely misses you.
It was a potion of curing.
You feel better. Ijyb hits you with a +0 dagger.
Casting: Sandblast (safe; 3% risk of failure)
Confirm with . or Enter, or press ? or * to list all spells.
Aiming: Sandblast (safe; 3% risk of failure)
Press: ? - help, Shift-Dir - straight line, f/p - Ijyb
Aim: Ijyb, wielding a +0 dagger, wearing a +0 ring mail and carrying a wand of flame (14) (moderately wounded, 80% to hit)
The blast of sand hits Ijyb.
Ijyb is heavily wounded.
Ijyb zaps a wand.
The puff of flame hits you!
Ijyb zaps a wand.
The puff of flame hits you.
* * * LOW HITPOINT WARNING * * *
Unknown command.
Casting: Sandblast (safe; 3% risk of failure)
Confirm with . or Enter, or press ? or * to list all spells.
Aiming: Sandblast (safe; 3% risk of failure)
Press: ? - help, Shift-Dir - straight line, f/p - Ijyb
Aim: Ijyb, wielding a +0 dagger, wearing a +0 ring mail and carrying a wand of flame (12) (heavily wounded, 80% to hit)
The blast of sand hits Ijyb.
Ijyb is severely wounded.
Ijyb hits you but does no damage.
Unknown command.
Casting: Sandblast (safe; 3% risk of failure)
Confirm with . or Enter, or press ? or * to list all spells.
Aiming: Sandblast (safe; 3% risk of failure)
Press: ? - help, Shift-Dir - straight line, f/p - Ijyb
Aim: Ijyb, wielding a +0 dagger, wearing a +0 ring mail and carrying a wand of flame (12) (severely wounded, 80% to hit)
The blast of sand hits Ijyb.
Ijyb is almost dead.
Ijyb zaps a wand.
The puff of flame hits you.
* * * LOW HITPOINT WARNING * * *
Ijyb zaps a wand.
The puff of flame hits you!
Ouch! That really hurt!
You die...

... .# .. .# ..
.# .###.###.#
.........#
......†..######
#...g.......
#@## #.$##
##..### ....!..
##...# .......
###.###
#.......
#...###.......
###..##.....!.
##.##.......
#.[#.......


You could see Ijyb.

Vanquished Creatures
  An adder (D:2)
  3 dart slugs
  3 ball pythons (D:1)
  10 endoplasms
  2 giant cockroaches (D:1)
  9 goblins
  4 hobgoblins
  4 jackals
  A quokka (D:2)
  5 bats
  3 frilled lizards (D:1)
  5 kobolds
  4 rats (D:2)
54 creatures vanquished.

Notes
Turn   | Place    | Note
-------+----------+-------------------------------------------
     0 | D:1      | snakesoul the Gargoyle Earth Elementalist began the quest
                  | for the Orb.
     0 | D:1      | Reached XP level 1. HP: 10/10 MP: 3/3
    54 | D:1      | Reached skill level 1 in Transmutations
    95 | D:1      | Reached XP level 2. HP: 15/15 MP: 1/5
   327 | D:1      | Reached skill level 4 in Earth Magic
   507 | D:1      | Reached XP level 3. HP: 19/19 MP: 2/6
   782 | D:2      | Learned a level 2 spell: Passwall
   786 | D:2      | Learned a level 3 spell: Stone Arrow
  1057 | D:2      | Found a faded altar of an unknown god.
  1058 | D:2      | Noticed an eye of devastation
  1060 | D:2      | Noticed a floating eye
  1066 | D:2      | Noticed a great orb of eyes
  1130 | D:2      | Reached skill level 1 in Conjurations
  1261 | D:2      | Noticed an eye of devastation
  1414 | D:2      | Reached XP level 4. HP: 24/24 MP: 3/7
  1769 | D:3      | Noticed Ijyb
  1783 | D:3      | Killed from afar by Ijyb

Illustrated notes

Levels and vault maps discovered:
D:1:      amcnicky_arrival_underground_garden, layout_basic,
          dreamdust_mushroom_princess, amcnicky_mini_pool_small
D:2:      layout_basic, hellmonk_ecumenical_altar_watching_god,
          minmay_pentomino_z2
D:3:      minmay_inner_zag, layout_basic, serial_shops, shop, chequers_jeans,
          uniq_ijyb

Skill      XL: |  1  2  3 |
---------------+----------+-----
Transmutations | 1 2 |  2.1
Earth Magic    | 4 |  4.1
Conjurations   | 1 |  1.6
Dodging        | |  1.5
Stealth        | |  2.1
Spellcasting   | |  2.4

Action                     |  1- 3 |  4- 6 || total
---------------------------+-------+-------++-------
  Melee: Club              |     1 |       ||     1
   Cast: Sandblast         |    60 |    19 ||    79
    Use: Potion            |       |     2 ||     2
 Armour: Robe              |     6 |     3 ||     9
  Dodge: Dodged            |    13 |     4 ||    17
